 Dungeon Crawl Stone Soup version 0.31.0-9-g3a7656b989 (webtiles) character file.

Game seed: 15817014415771380830

60 qw the Shooter (level 3, 0/20 HPs)
             Began as a Deep Elf Hunter on Feb 2, 2024.
             Succumbed to an adder's poison
             ... on level 2 of the Dungeon.
             The game lasted 00:00:02 (682 turns).

qw the Shooter (Deep Elf Hunter)                     Turns: 682, Time: 00:00:02

Health: 0/20       AC:  3    Str: 10    XL:     3   Next: 80%
Magic:  5/5        EV: 12    Int: 13    God:
Gold:   82         SH:  0    Dex: 18    Spells: 2/2 levels left

rFire   . . .        a - +0 shortbow
rCold   . . .        (shield currently unavailable)
rNeg    . . .        c - +0 leather armour
rPois   .            (no helmet)
rElec   .            (no cloak)
rCorr   .            (no gloves)
SInv    .            (no boots)
Will    .....        (no amulet)
Stlth   ++           (no ring)
HPRegen 0.23/turn    (no ring)
MPRegen 0.09/turn

%: no passive effects
@: lethally poisoned (0 -> -2)
A: no striking features
a: no special abilities


You were on level 2 of the Dungeon.
You visited 1 branch of the dungeon, and saw 2 of its levels.

You collected 82 gold pieces.


   Skills:
 - Level 1.5 Fighting
 + Level 7.3 Ranged Weapons
 - Level 2.4 Dodging
 - Level 1.2 Stealth


You had 2 spell levels left.
You didn't know any spells.
Your spell library was empty.

Inventory:

Hand Weapons
 a - a +0 shortbow (weapon)
Armour
 c - a +0 leather armour (worn)
Wands
 g - a wand of polymorph (10)
Scrolls
 b - a scroll of enchant armour {unknown}
 e - a scroll of fear {unknown}
Potions
 d - a potion of mutation {unknown}
 f - 2 potions of magic {unknown}

Dungeon Overview and Level Annotations

Branches:
Dungeon (2/15)

Altars:


Message History

g - a wand of polymorph (10)
Things that are here:
a +0 dagger; a +0 robe You now have 77 gold pieces (gained 8).
You now have 82 gold pieces (gained 5).
An endoplasm comes into view.
You shoot an arrow. The arrow hits the endoplasm.
The endoplasm is almost dead.
You shoot an arrow. The arrow hits the endoplasm!
You kill the endoplasm!
An adder comes into view.
The adder hisses angrily.
The adder bites you.
You shoot an arrow. The arrow barely misses the adder.
The adder bites you but does no damage.
You shoot an arrow. The arrow misses the adder.
The adder bites you.
You are poisoned.
The adder poisons you! The adder bites you.
You shoot an arrow.
The arrow hits the adder but does no damage.
You feel sick. The adder barely misses you.
You shoot an arrow. The arrow misses the adder.
You feel sick. The adder bites you.
You are lethally poisoned!
The adder poisons you! The adder completely misses you.
You shoot an arrow. The arrow barely misses the adder.
You feel very sick. The adder closely misses you.
You shoot an arrow. The arrow hits the adder!
You kill the adder!
You feel sick.
There is a lethal amount of poison in your body!
You feel sick.
There is a lethal amount of poison in your body!
You feel sick.
There is a lethal amount of poison in your body!
You feel sick.
There is a lethal amount of poison in your body!
You die...

.###.......( .# #.###...# #.
.###.# #.## #. #...## #.# #.
##.## #.# #. ##.## #.# #. .<..#
#.# #. .##.# #.#
#%############# .##.#####.#
#.@...........#
.......##.###############.#.###
.##.##....)....########...#...#
#.#######.##..........#####.#
..# #.###########...#...#
##########.#############.#.###
........................#
#######.##############.## #.#
#.#


There were no monsters in sight!

Vanquished Creatures
  Jessica (D:2)
  An adder (D:2)
  A ball python (D:1)
  6 endoplasms
  4 hobgoblins (D:1)
  2 quokkas (D:1)
  4 bats (D:1)
  2 goblins (D:1)
  A kobold (D:1)
  A rat (D:1)
23 creatures vanquished.

Notes
Turn   | Place    | Note
-------+----------+-------------------------------------------
     0 | D:1      | qw the Deep Elf Hunter began the quest for the Orb.
     0 | D:1      | Reached XP level 1. HP: 12/12 MP: 3/3
     0 | D:1      | 0 ||| qw: Version: 0.3-a-155-g5e7d8dd
     0 | D:1      | 0 ||| qw: Game counter: 1307
     0 | D:1      | 0 ||| qw: Melee chars always use a shield: true
     0 | D:1      | 0 ||| qw: God list: Okawaru
     0 | D:1      | 0 ||| qw: Allow faded altars: false
     0 | D:1      | 0 ||| qw: Do Orc after clearing Dungeon:15 true
     0 | D:1      | 0 ||| qw: Do second Lair branch before Depths: true
     0 | D:1      | 0 ||| qw: Lair rune preference: random
     0 | D:1      | 0 ||| qw: Goals: Normal
     0 | D:1      | 0 ||| PLANNING D:1-11
    66 | D:1      | Reached XP level 2. HP: 16/16 MP: 4/4
   146 | D:1      | Reached skill level 6 in Ranged Weapons
   309 | D:1      | Found a faded altar of an unknown god.
   360 | D:1      | 360 ||| DROPPING amulet of magic regeneration.
   361 | D:1      | 361 ||| READING scroll labelled YLAPNO RIXZY.
   362 | D:1      | 362 ||| READING scroll labelled XOASCH UJIDIOM.
   463 | D:1      | 463 ||| DROPPING scroll of butterflies.
   573 | D:2      | Noticed Jessica
   585 | D:2      | Killed Jessica
   586 | D:2      | Reached skill level 7 in Ranged Weapons
   586 | D:2      | Reached XP level 3. HP: 12/20 MP: 5/5
   678 | D:2      | HP: 4/20 [poisoned by an adder]
   681 | D:2      | HP: 1/20 [poisoned by an adder]
   682 | D:2      | Succumbed to an adder's poison

Levels and vault maps discovered:
D:1:      dpeg_arrival_simpleton_b, layout_rooms,
          dilly_ecumenical_altar_fadedgnrine
D:2:      layout_loops_ring, uniq_jessica, uniq_natasha

Skill      XL: |  1  2 |
---------------+-------+-----
Ranged Weapons | 7 |  7.3
Fighting       | |  1.5
Dodging        | |  2.4
Stealth        | |  1.2

Action                     || total
---------------------------++-------
   Fire: Shortbow          ||    64
    Use: Scroll            ||     2
 Armour: Leather armour    ||    10
  Dodge: Dodged            ||    15

Table legend:
 A = Non-vault XP
 B = Vault XP
 C = Vault XP percentage of total XP
 D = Non-vault monster count
 E = Vault monster count
 F = Vault count percentage of total count
                 A         B        C        D         E       F
            +---------+---------+-------+---------+---------+-------
      Total |      49 |      37 |  43.0 |      22 |       1 |   4.3
            +---------+---------+-------+---------+---------+-------
        D:1 |      34 |       0 |   0.0 |      20 |       0 |   0.0
        D:2 |      15 |      37 |  71.2 |       2 |       1 |  33.3
            +---------+---------+-------+---------+---------+-------
